AoeStats
← chewie1706

African Clearing

505465125Analyzed
4v4 RM · 23d ago on Sep 9, 2026· 54m 50s· 8 players
Game mode
Random Map
Map size
Large (8 player)
Population
200
Speed
Normal
Resources
Standard
Victory
Conquest
Starting age
Dark Age
Ending age
Imperial Age
RankedLock teamsTeams togetherTeam positionsShared explorationLock speedFull tech treeHidden civsTurbo modeCheats
Victory
Defeat
🇫🇷 Tupi · France
1710
+15
🇫🇷 Romans · France
1535
+22
🇫🇷 Cumans · France
1499
+24
🇫🇷 Mongols · France
1437
+26
🇹🇷 Berbers · Türkiye
1684
-22
🇵🇱 Japanese · Poland
1680
-22
🇨🇴 Poles · Colombia
1670
-22
🇯🇴 Muisca · Jordan
1655
-21
ForeveR
10:54 Loom
13:11 Feudal Age
16:56 Castle Age
14:48 Double-Bit Axe
17:50 Bow Saw
18:04 Horse Collar
22:04 Heavy Plow
24:38 Fletching
25:24 Bodkin Arrow
26:18 Padded Archer Armor
27:06 Wheelbarrow
26:39 Thumb Ring
26:30 Gold Mining
27:37 Bloodlines
27:58 Town Watch
28:54 Ballistics
31:04 Hand Cart
31:37 Gold Shaft Mining
30:52 Stone Mining
34:21 Imperial Age
32:07 Herbal Medicine
33:25 Scale Mail Armor
33:44 Leather Archer Armor
34:25 Chain Mail Armor
34:20 Forging
34:42 Yasama
34:41 Guard Tower
35:04 Bracer
36:41 Chemistry
35:36 Murder Holes
35:52 Masonry
35:48 Siege Engineers
36:17 Parthian Tactics
36:38 Heavy Cavalry Archer
37:49 Ring Archer Armor
38:26 Keep
39:57 Conscription
40:03 Kataparuto
40:03 Conscription
39:37 Treadmill Crane
42:33 Coinage
45:14 Forging
45:43 Chain Mail Armor
CAPTAINKILL
3:30 Loom
13:49 Feudal Age
18:01 Castle Age
16:30 Double-Bit Axe
24:38 Fletching
26:26 Padded Archer Armor
34:22 Horse Collar
36:33 Wheelbarrow
35:43 Town Watch
38:03 Bodkin Arrow
42:22 Imperial Age
39:34 Pikeman
40:14 Squires
40:19 Scale Mail Armor
40:50 Forging
40:12 Champi Runner
41:13 Hand Cart
42:26 Chain Mail Armor
42:50 Elite Temple Guard
44:30 Plate Mail Armor
45:12 Iron Casting
46:06 Capped Ram
47:48 Champi Warrior
50:06 Elite Champi Warrior
52:29 Conscription
Sari
13:32 Feudal Age
12:52 Loom
17:11 Castle Age
17:17 Double-Bit Axe
19:32 Fletching
22:55 Bodkin Arrow
28:53 Padded Archer Armor
33:23 Horse Collar
35:09 Husbandry
35:54 Wheelbarrow
36:31 Ballistics
39:03 Leather Archer Armor
39:36 Bow Saw
41:11 Heavy Plow
42:47 Hand Cart
44:54 Bloodlines
45:36 Scale Barding Armor
50:53 Forging
51:24 Light Cavalry
52:26 Chain Barding Armor
53:02 Iron Casting
57:16 Imperial Age
Sebasky
11:14 Loom
13:29 Feudal Age
24:04 Gold Mining
24:27 Forging
24:34 Bloodlines
27:16 Castle Age
25:57 Scale Barding Armor
25:40 Horse Collar
26:22 Double-Bit Axe
27:11 Stone Mining
28:21 Chain Barding Armor
28:34 Bow Saw
38:52 Scale Mail Armor
40:21 Wheelbarrow
39:47 Heavy Plow
43:12 Imperial Age
41:46 Husbandry
42:02 Chain Mail Armor
42:23 Iron Casting
42:43 Szlachta Privileges
42:40 Fletching
43:37 Cavalier
49:45 Blast Furnace
49:15 Plate Mail Armor
50:41 Conscription
51:14 Plate Mail Armor
52:41 Hand Cart
53:31 Light Cavalry
54:41 Lechitic Legacy
54:32 Town Watch
54:35 Winged Hussar
AGS.BlackKnight
11:33 Feudal Age
9:51 Loom
12:41 Double-Bit Axe
13:28 Horse Collar
20:47 Castle Age
22:10 Bow Saw
22:09 Scale Barding Armor
23:17 Wheelbarrow
22:57 Bloodlines
22:40 Town Watch
31:01 Husbandry
32:03 Chain Barding Armor
32:55 Forging
34:08 Hand Cart
38:44 Imperial Age
36:57 Iron Casting
36:31 Gold Mining
37:40 Stone Mining
37:59 Heavy Plow
40:02 Plate Barding Armor
39:07 Elite Centurion
40:35 Conscription
41:43 Blast Furnace
46:25 Fletching
46:14 Heavy Scorpion
47:53 Ballistics
48:33 Chemistry
47:42 Ballistas
48:48 Scale Mail Armor
49:20 Siege Engineers
49:24 Squires
48:45 Pikeman
50:10 Chain Mail Armor
50:06 Halberdier
chewie1706
6:50 Loom
15:35 Feudal Age
16:22 Double-Bit Axe
22:50 Wheelbarrow
22:01 Town Watch
26:14 Horse Collar
33:59 Castle Age
34:33 Stone Mining
34:34 Gold Mining
35:13 Bow Saw
38:01 Town Watch
40:42 Scale Barding Armor
41:19 Bloodlines
41:49 Heavy Plow
43:11 Chain Barding Armor
43:01 Forging
45:42 Imperial Age
45:17 Iron Casting
45:42 Cavalier
46:58 Plate Barding Armor
47:48 Blast Furnace
47:51 Two-Man Saw
47:46 Paladin
49:01 Hand Cart
52:20 Gold Shaft Mining
52:20 Fletching
54:10 Bodkin Arrow
AGS.Eratuss
10:07 Loom
12:23 Feudal Age
13:45 Double-Bit Axe
16:16 Castle Age
14:19 Horse Collar
18:27 Bow Saw
20:11 Fletching
21:54 Bodkin Arrow
23:23 Padded Archer Armor
26:29 Ballistics
26:34 Leather Archer Armor
35:14 Imperial Age
33:28 Champi Runner
34:09 Squires
34:11 Scale Mail Armor
34:43 Champi Warrior
35:49 Chain Mail Armor
35:59 Bracer
35:48 Elite Champi Warrior
37:56 Plate Mail Armor
39:39 Forging
41:46 Chemistry
41:22 Wheelbarrow
41:35 Iron Casting
41:29 Town Watch
41:55 Caciques
45:11 Arson
46:22 Elite Blackwood Archer
47:30 Conscription
50:58 Hand Cart
50:45 Heavy Plow
51:45 Two-Man Saw
50:36 Gold Mining
50:36 Stone Mining
52:04 Pikeman
53:54 Ring Archer Armor
AGS.Sylvatica
13:16 Feudal Age
11:36 Loom
13:23 Feudal Age
14:56 Double-Bit Axe
18:00 Castle Age
19:15 Bow Saw
19:50 Town Watch
22:01 Wheelbarrow
21:45 Fletching
21:56 Padded Archer Armor
31:29 Ballistics
32:42 Horse Collar
35:07 Nomads
35:14 Nomads
37:13 Bodkin Arrow
44:09 Imperial Age
44:47 Masonry
45:30 Heavy Scorpion
50:21 Conscription
49:51 Capped Ram
53:13 Bracer
54:30 Hand Cart
55:23 Drill
Connection lost

Rejoining the realm…

Still unreachable

The connection could not be restored.

Session expired

The server has moved on; the page needs a fresh start.